 Dungeon Crawl Stone Soup version 0.25.1-2-g60ff931df9 (webtiles) character file.

Game seed: 15074896969884023356

1596 Descartes the Covert (level 8, -3/37 HPs)
             Began as a Felid Monk on Nov 9, 2020.
             Slain by an orc warrior
             ... wielding a +3 glaive
             ... led by an orc knight
              (40 damage)
             ... on level 9 of the Dungeon.
             The game lasted 00:19:14 (13801 turns).

Descartes the Covert (Felid Monk)                  Turns: 13801, Time: 00:19:15

Health: -3/37      AC:  2    Str: 10    XL:     8   Next: 62%
Magic:  13/13      EV: 30    Int: 11    God:
Gold:   432        SH:  5    Dex: 25    Spells: 6/11 levels left
                                        Lives:  0   Deaths: 2

rFire    . . .     SeeInvis +     - Unarmed
rCold    . . .     Gourm    .   (shield unavailable)
rNeg     . . .     Faith    .   (armour unavailable)
rPois    .         Spirit   .   (helmet unavailable)
rElec    .         Reflect  +   (cloak unavailable)
rCorr    .         Harm     .   (gloves unavailable)
MR       ++...                  (boots unavailable)
Stlth    ++++++....             u - amulet of reflection
HPRegen  0.12/turn              l - +6 ring of dexterity
MPRegen  0.13/turn              E - ring of protection from magic

@: quick
A: very small, no armour, no weapons or thrown items, stealth, claws 1, fangs 3,
see invisible, carnivore, speed 1, shaggy fur 2, slow metabolism 1, sharp paws
a: no special abilities


You were on level 9 of the Dungeon.
You were not hungry.

You visited 3 branches of the dungeon, and saw 13 of its levels.

You collected 557 gold pieces.
You spent 125 gold pieces at shops.

Inventory:

Missiles
 e - 293 stones
 p - 90 arrows
Jewellery
 l - a +6 ring of dexterity (left paw)
 r - an uncursed ring of resist corrosion
 s - an uncursed ring of protection from cold {unknown}
 u - an amulet of reflection (around neck)
 E - a ring of protection from magic (right paw)
 G - a +4 ring of protection {unknown}
Wands
 h - a wand of clouds (5)
 y - a wand of digging (2)
 z - a wand of paralysis (3)
 D - a wand of random effects (23)
 H - a wand of flame (21)
 K - a wand of enslavement (8)
Scrolls
 b - 4 scrolls of magic mapping
 d - 8 scrolls of amnesia
 j - 4 scrolls of teleportation
 k - a scroll of fear {unknown}
 n - 2 scrolls of blinking {unknown}
 o - 4 scrolls of remove curse
 q - 2 scrolls of fog {unknown}
 A - a scroll of random uselessness {unknown}
 F - a scroll of acquirement {unknown}
 I - a scroll of identify
 J - a scroll of enchant armour {unknown}
Potions
 c - a potion of stabbing
 f - 4 potions of might
 g - a potion of invisibility
 i - a potion of degeneration {unknown}
 m - a potion of flight {unknown}
 t - a potion of heal wounds
 v - a potion of berserk rage
 w - 2 potions of curing
 x - a potion of ambrosia
 B - 2 potions of lignification {unknown}
 C - a potion of haste {unknown}
Comestibles
 a - 11 rations


   Skills:
 - Level 5.0 Fighting
 + Level 10.7 Dodging
 + Level 10.8 Stealth
 + Level 5.4 Unarmed Combat
 + Level 2.3 Spellcasting
 - Level 5.0 Translocations
 + Level 6.1 Evocations


You had 6 spell levels left.
You knew the following spells:

 Your Spells              Type           Power        Failure   Level  Hunger
a - Blink                 Tloc           N/A          5%          2    ###....
b - Mephitic Cloud        Conj/Pois/Air  #.......     65%         3    ####...

Your spell library contained the following spells:

 Spells                   Type           Power        Failure   Level  Hunger
 Freeze                   Ice            #...         28%         1    ##.....
 Magic Dart               Conj           #...         28%         1    ##.....
 Call Imp                 Summ           #.......     41%         2    ###....
 Slow                     Hex            #.......     41%         2    ###....
 Conjure Flame            Conj/Fire      #.......     65%         3    ####...
 Frozen Ramparts          Ice            #.....       65%         3    ####...
 Ozocubu's Armour         Chrm/Ice       #.......     65%         3    ####...
 Hailstorm                Conj/Ice       #.......     96%         4    #####..
 Summon Ice Beast         Ice/Summ       #.......     96%         4    #####..


Dungeon Overview and Level Annotations

Branches:
Dungeon (10/15)            Temple (1/1) D:7            Lair (0/6) D:10
    Orc (2/2) D:9
    Elf: Orc:2

Altars:
Ashenzari
Cheibriados
Dithmenos
Elyvilon
Fedhas
Gozag
Hepliaklqana
Kikubaaqudgha
Makhleb
Nemelex Xobeh
Okawaru
Qazlal
Ru
Sif Muna
Trog
Uskayaw
Vehumet
Wu Jian
Xom
Yredelemnul
Zin
The Shining One

Shops:
D:5 (%**   D:8 ?

Annotations:
D:4 dengdeng's ghost, novice MiBe
D:10 exclusion: oklob plant


Innate Abilities, Weirdness & Mutations

You cannot wear armour.
You are incapable of wielding weapons or throwing items.
Your paws allow you to move quietly. (Stealth)
You have sharp claws.
You have razor-sharp teeth.
You have supernaturally acute eyesight. (SInv)
You are carnivorous and can eat meat at any time.
You cover ground quickly.
You are covered in thick fur. (AC +2)
You have a slow metabolism.
Your sharp claws are effective at attacking unaware monsters.


Message History

You claw the orc warrior! Your bite misses the orc warrior.
The orc warrior is heavily wounded.
The orc warrior closely misses you.
You scratch the orc warrior but do no damage.
You claw the orc warrior, but do no damage.
You bite the orc warrior, but do no damage.
The orc warrior is heavily wounded.
You closely miss the orc warrior.
The orc warrior is heavily wounded.
The orc warrior completely misses you.
You scratch the orc warrior.
The orc warrior is heavily wounded.
The orc warrior completely misses you.
You scratch the orc warrior but do no damage.
The orc warrior is heavily wounded.
You scratch the orc warrior but do no damage.
The orc warrior is heavily wounded.
The orc warrior hits you with a +3 glaive!!!
Ouch! That really hurt!
You die...

.# ##...........#.....
.## #........#####....
..# #......### ##....
..# ##...#### ##.....
..## #### ###....#
#...... ...#
##..####......#
##......
...###....##..#....#
#.......
.............##....#
##.......
#...........###.@o.#
#........ ............#
#...## ###......
.#..........# #...#
####(.. ##..........#
#...# ####
###.........# #...#
###### # #.........#
#...# ##....#### #
##....#..####...#
##........# ##
######..#
#....###.........# .#
##.###....##.........##


You could see an orc warrior (strong).

Vanquished Creatures
  A troll (Orc:1)
  An orc warrior (D:9)
  2 ice beasts
  4 sky beasts
  A black bear (D:7)
  9 ogres
  A necrophage (D:9)
  A centaur (D:8)
  A crocodile (D:5)
  A big kobold (D:10)
  4 bullfrogs
  A scorpion (D:4)
  3 killer bees (D:8)
  3 crimson imps
  A centaur zombie (D:6)
  4 hounds
  4 jellies
  A bullfrog skeleton (D:4)
  A gnoll shaman (D:5)
  2 centaur skeletons
  3 iguanas
  5 orc wizards
  8 worker ants
  2 hound zombies
  A hound skeleton (D:6)
  10 adders
  17 gnolls
  2 shadow imps (D:7)
  An ooze (D:1)
  An adder skeleton (D:5)
  2 worms (D:2)
  4 dart slugs
  5 leopard geckos
  29 orcs
  3 ball pythons
  2 giant cockroaches
  6 goblins
  8 hobgoblins
  7 jackals
  7 kobolds
  7 quokkas
  A ball python skeleton (D:4)
  5 bats
  6 frilled lizards
  2 gnoll zombies (D:4)
  A leopard gecko skeleton (D:8)
  A quokka zombie (D:9)
  6 rats
198 creatures vanquished.

Notes
Turn   | Place    | Note
-------+----------+-------------------------------------------
     0 | D:1      | Descartes the Felid Monk began the quest for the Orb.
     0 | D:1      | Reached XP level 1. HP: 10/10 MP: 2/2
   150 | D:1      | Reached XP level 2. HP: 14/14 MP: 3/3
   849 | D:2      | Reached skill level 5 in Stealth
   876 | D:2      | Reached XP level 3. HP: 12/17 MP: 4/4
  1816 | D:2      | Reached XP level 4. HP: 16/21 MP: 5/5
  2058 | D:3      | Found an iron altar of Okawaru.
  2247 | D:3      | Found a shimmering blue altar of Sif Muna.
  2248 | D:3      | Found an opulent altar of Gozag.
  2302 | D:3      | Found a bloodstained altar of Trog.
  2719 | D:3      | Reached XP level 5. HP: 9/24 MP: 6/6
  3873 | D:4      | Noticed an ogre
  3886 | D:4      | Killed an ogre
  3886 | D:4      | Gained mutation: You are covered in thick fur. (AC +2)
                  | [Felid growth]
  3886 | D:4      | Reached XP level 6. HP: 17/28 MP: 7/7
  4018 | D:4      | Reached skill level 10 in Stealth
  4277 | D:4      | Reached skill level 5 in Dodging
  4505 | D:4      | Found a basalt altar of Yredelemnul.
  4924 | D:4      | Reached XP level 7. HP: 16/31 MP: 8/8
  5383 | D:4      | Found a runed translucent door.
  5384 | D:4      | Noticed dengdeng's ghost (novice MiBe)
  5951 | D:5      | Entered Level 5 of the Dungeon
  6028 | D:5      | Found Loagange's Weapon Shop.
  6084 | D:5      | Found a hide-covered altar of Uskayaw.
  7147 | D:5      | Found Sededag's Food Shop.
  7159 | D:5      | Found Ekhlej's General Store.
  7162 | D:5      | Found Turu's General Store.
  7170 | D:5      | Reached XP level 8. HP: 34/34 MP: 9/9
  7582 | D:5      | Reached skill level 10 in Dodging
  7630 | D:5      | Found a burning altar of Makhleb.
  7642 | D:5      | Found an ornate altar of the Wu Jian Council.
  8458 | D:5      | Reached skill level 5 in Unarmed Combat
  8482 | D:6      | Reached skill level 1 in Evocations
  9381 | D:7      | Reached XP level 9. HP: 39/39 MP: 12/12
  9466 | D:7      | Found a staircase to the Ecumenical Temple.
  9473 | Temple   | Entered the Ecumenical Temple
  9714 | D:7      | Killed from afar by an orc wizard
  9715 | D:7      | Reached XP level 8. HP: -1/36 MP: 12/12
  9755 | D:7      | Found a radiant altar of Vehumet.
  9904 | D:7      | Reached skill level 5 in Fighting
 10480 | D:7      | Found a staircase to the Ecumenical Temple.
 10594 | D:7      | Reached skill level 5 in Evocations
 11253 | D:8      | Learned a level 2 spell: Blink
 11257 | D:8      | Learned a level 3 spell: Mephitic Cloud
 11267 | D:8      | Found Cichug's Magic Scroll Shop.
 11464 | D:8      | Reached skill level 1 in Translocations
 11604 | D:8      | Reached skill level 1 in Spellcasting
 11610 | D:8      | Bought a scroll of identify for 20 gold pieces
 11610 | D:8      | Bought a scroll of identify for 20 gold pieces
 11610 | D:8      | Bought a scroll of identify for 20 gold pieces
 11610 | D:8      | Bought a scroll of teleportation for 30 gold pieces
 11610 | D:8      | Bought a scroll of magic mapping for 35 gold pieces
 12226 | D:9      | Found a staircase to the Orcish Mines.
 12233 | D:9      | Reached XP level 9. HP: 40/40 MP: 14/14
 12265 | D:9      | Found a snail-covered altar of Cheibriados.
 13158 | D:10     | Entered Level 10 of the Dungeon
 13167 | D:10     | Noticed a two-headed ogre
 13212 | D:10     | Slain by a two-headed ogre
 13213 | D:10     | Reached XP level 8. HP: -2/36 MP: 13/13
 13213 | D:10     | Found a staircase to the Lair.
 13219 | D:10     | Noticed an oklob plant
 13277 | Orc:1    | Entered Level 1 of the Orcish Mines
 13338 | Orc:2    | Entered Level 2 of the Orcish Mines
 13340 | Orc:2    | Noticed an orc knight
 13341 | Orc:2    | Noticed a troll
 13625 | Orc:1    | Killed a troll
 13625 | Orc:1    | Reached skill level 5 in Translocations
 13801 | D:9      | Slain by an orc warrior

Illustrated notes

Levels and vault maps discovered:
D:1:      minmay_arrival_widening_spiral_wide, layout_basic
D:2:      layout_basic, first_ration
D:3:      layout_loops_corners, okawaru_trees_2,
          gammafunk_temple_overflow_forgotten
D:4:      layout_loops_ring, lemuel_zombie_altar_yredelemnul,
          ebering_ghost_reflecting_pool, minmay_increasing_density
D:5:      layout_gridville, amethyst_overflow_temple_binary,
          kennysheep_little_box, serial_shops, shop, shop, shop,
          nicolae_shop_waterfront
D:6:      layout_basic
D:7:      layout_basic, vehumet_crystals, minmay_temple_entry_statues
D:8:      layout_layer_cave, serial_shops, shop, kennysheep_generic_room_4
D:9:      layout_cave_pods, kennysheep_mini_moat, orc_0_dummy
D:10:     minmay_twisted_water, layout_basic, dpeg_oklobed_lair,
          trove_entry_hex_spiral
Temple:   nicolae_temple_hex_pool
Orc:1:    layout_caves
Orc:2:    grunt_orc_community_town_hall, layout_caves,
          grunt_orc_community_big_house_1, grunt_orc_community_big_house_1,
          grunt_orc_community_house_1, grunt_orc_community_house_2,
          grunt_orc_community_house_1, grunt_orc_community_house_2,
          chequers_guarded_unrand_ignorance

Skill      XL: |  1  2  3  4  5  6  7  8  9 |
---------------+----------------------------+-----
Stealth        | 4 5 6 7 9 10 | 10.8
Dodging        | 5 9 10 | 10.7
Unarmed Combat | 5 |  5.4
Evocations     | 6 4 |  6.1
Fighting       | 5 |  5.0
Translocations | 5 4 |  5.0
Spellcasting   | 2 |  2.3

Action                   |  1- 3 |  4- 6 |  7- 9 || total
-------------------------+-------+-------+-------++-------
Melee: Unarmed           |    95 |   157 |   482 ||   734
       Bite              |     9 |    26 |    79 ||   114
       Punch             |     1 |       |    17 ||    18
 Cast: Blink             |       |       |     1 ||     1
Evoke: Wand              |       |       |     3 ||     3
  Use: Scroll            |       |     1 |     9 ||    10
 Stab: Sleeping          |    17 |    15 |    32 ||    64
       Distracted        |       |     2 |     2 ||     4
       Paralysed         |       |       |     1 ||     1
  Eat: Chunk             |     9 |     5 |    23 ||    37
Armor: Skin              |     3 |     5 |    10 ||    18
Dodge: Dodged            |    53 |   101 |   444 ||   598
Block: Other             |       |       |    50 ||    50
       Reflection        |       |       |     3 ||     3
